 Dungeon Crawl Stone Soup version 0.19.0-11-g3fc08b3 (webtiles) character file.

13 thirtiethelement the Stinger (level 2, -2/18 HPs)
             Began as an Octopode Wanderer on Nov 10, 2016.
             Was a Follower of Uskayaw.
             Slain by a quokka (5 damage)
             ... on level 2 of the Dungeon.
             The game lasted 00:03:34 (333 turns).

thirtiethelement the Stinger (Octopode Wanderer)     Turns: 333, Time: 00:03:35

Health: -2/18      AC:  1    Str: 12    XL:     2   Next: 37%
Magic:  5/5        EV: 12    Int: 12    God:    Uskayaw [*.....]
Gold:   10         SH:  0    Dex: 12    Spells: 1 memorised, 4 levels left

rFire  . . .     SeeInvis .     f - +0 great mace
rCold  . . .     Gourm    .     (shield currently unavailable)
rNeg   . . .     Faith    .     (helmet restricted)
rPois  .         Spirit   .     (no amulet)
rElec  .         Reflect  .     (no ring)
rCorr  .         Harm     .     (no ring)
MR     .....                    (no ring)
Stlth  +++.......               (no ring)
                                (no ring)
                                (no ring)
                                (no ring)
                                (no ring)

@: no status effects
A: almost no armour, stealthy swim, amphibious, 8 rings, constrict 8, camouflage
1, gelatinous body 1
a: Stomp, Renounce Religion


You were on level 2 of the Dungeon.
You worshipped Uskayaw.
Uskayaw was noncommittal.
You were not hungry.

You visited 1 branch of the dungeon, and saw 4 of its levels.

You collected 10 gold pieces.

Inventory:

Hand Weapons
 b - a +0 hand axe
 f - a +0 great mace (weapon)
Potions
 d - a potion of curing {unknown}
 e - a potion of cancellation {unknown}
 g - a potion of agility {unknown}
Books
 a - a book of Minor Magic

   Spells                             Type                      Level
   a - Magic Dart                     Conjuration                  1
   b - Blink                          Translocation                2
   c - Call Imp                       Summoning                    2
   d - Repel Missiles                 Charms/Air                   2
   e - Slow                           Hexes                        2
   f - Conjure Flame                  Conjuration/Fire             3
   g - Mephitic Cloud                 Conjuration/Poison/Air       3
Comestibles
 c - 2 bread rations


   Skills:
 + Level 1.0 Fighting
 - Level 2.3 Axes
 * Level 0.2(1.4) Maces & Flails
 + Level 1.3 Stealth
 + Level 2.4 Spellcasting
 + Level 0.2 Conjurations
   Level 1.0 Transmutations
   Level 2.4 Poison Magic
   Level 1.1 Evocations


You had 4 spell levels left.
You knew the following spells:

 Your Spells              Type           Power        Failure   Level  Hunger
a - Magic Dart            Conj           #...         28%         1    ##.....


Dungeon Overview and Level Annotations

Branches:
Dungeon (4/15)
 Temple: D:4-7

Altars:
Uskayaw


Innate Abilities, Weirdness & Mutations

You cannot wear most types of armour.
You are very stealthy in the water. (Stealth+)
You are amphibious.
You can wear up to eight rings at the same time.
You can use your tentacles to constrict eight enemies at once.
Your skin changes colour to match your surroundings (Stealth+).
Your rubbery body absorbs attacks. (AC +1, EV +1)


Message History

Uskayaw welcomes you!
You can now stomp with the beat.
Things that are here:
a hunting sling; 20 stones A ball python comes into view.
You see here a pink potion.
g - a pink potion The ball python hisses angrily.
A rat comes into view.
The ball python bites you. The ball python grabs you.
The ball python constricts you.
You barely miss the ball python. Your grab misses the ball python.
The ball python closely misses you. The ball python constricts you.
The quokka bites you.
* * * LOW HITPOINT WARNING * * *
The ball python closely misses you. The ball python constricts you.
You sock the ball python!
You kill the ball python!
The quokka bites you.
You die...

## .. .# #. ##.. #. .#....
#.##.....# ## ..#...#.# .#
########.#[..#.# .#
######.....##@.......
.###....#.....##.r##.#.#
...#.##.#.....##.....#
#..#.##.#....r...)...#
...#.##........###.#.#####
..w.......................
#).#.#####.#.###.#..##....
_#.#.# #.#.....##.# ..K.
#..#.# #.....# # .#


You could see a quokka.

Vanquished Creatures
  A dart slug (D:1)
  3 bats
  A goblin (D:2)
  2 hobgoblins (D:2)
  A ball python (D:2)
  A frilled lizard (D:2)
  2 kobolds (D:1)
11 creatures vanquished.

Notes
Turn   | Place    | Note
-------+----------+-------------------------------------------
     0 | D:1      | thirtiethelement the Octopode Wanderer began the quest for the Orb.
     0 | D:1      | thirtiethelement set off with: a book of Minor Magic, a +0 hand axe, a bread ration
     0 | D:1      | Reached XP level 1. HP: 13/13 MP: 3/3
     2 | D:1      | Learned a level 1 spell: Magic Dart
   203 | D:1      | Reached XP level 2. HP: 4/18 MP: 5/5
   205 | D:1      | You fall through a shaft!
   214 | D:2      | You fall through a shaft for 2 floors!
   300 | D:2      | Found a faded altar of an unknown god.
   311 | D:2      | Became a worshipper of Uskayaw the Reveler
   311 | D:2      | Reached * piety under Uskayaw
   333 | D:2      | Slain by a quokka

Action                   || total
-------------------------++-------
Melee: Hand axe          ||    11
       Constrict         ||     5
       Great mace        ||     5
       Tentacles         ||     2
 Cast: Magic Dart        ||     5
  Use: Scroll            ||     2
 Stab: Sleeping          ||     5
Dodge: Dodged            ||     6
